Map: Dusk Towers

Players

Nerchio - Winner!

  • Race: Zerg Zerg

Vortix

  • Race: Zerg Zerg

Event: DreamHack Open Tours WCS Spring Championship

VOD

Have the link to the VOD?

Description

Time

  • Played on: May 14, 2016, 6:45 a.m.
  • Length: 13:08

All games in this series

Show
View Real Time Build Order
Export as new Build Order

Nerchio Zerg - Winner!

Build Orders: Hatch First 

Get SALT Encoding   

  12  0:00  Drone  
  13  0:12  Overlord  
  13  0:17  Drone  
  14  0:30  Drone x2  
  14  0:34  Drone  
  17  0:52  Hatchery  
  17  0:55  Drone  
  17  0:58  Drone  
  18  1:10  Extractor  
  17  1:13  Spawning Pool  
  17  1:16  Drone  
  17  1:20  Drone  
  18  1:28  Drone  
  19  1:38  Overlord  
  19  1:54  Drone  
  20  2:00  Queen, Zergling x2  
  23  2:03  Queen  
  23  2:04  Drone  
  26  2:09  Metabolic Boost  
  26  2:11  Drone  
  27  2:16  Drone  
  27  2:21  Drone  
  29  2:25  Drone  
  30  2:32  Drone  
  31  2:42  Hatchery  
  31  2:43  Drone  
  31  2:46  Drone  
  31  2:49  Overlord  
  31  3:06  Baneling Nest  
  31  3:07  Zergling x10  
  31  3:09  Drone  
  36  3:13  Drone  
  36  3:14  Drone  
  36  3:16  Drone  
  36  3:18  Drone  
  40  3:20  Drone  
  40  3:24  Overlord  
  41  3:35  Drone  
  41  3:36  Drone  
  41  3:39  Overlord  
  43  3:44  Zergling x2  
  43  3:46  Zergling x2, Drone x4  
  49  3:50  Queen  
  49  3:55  Drone x3  
  54  4:00  Baneling x2  
  54  4:01  Drone  
  55  4:04  Drone  
  55  4:09  Baneling x4  
  56  4:10  Overlord  
  56  4:17  Drone x3  
  56  4:18  Drone x2  
  56  4:21  Lair  
  56  4:22  Extractor  
  56  4:23  Drone  
  56  4:24  Drone  
  61  4:26  Drone  
  61  4:30  Roach Warren, Drone  
  62  4:32  Drone  
  62  4:33  Drone  
  63  4:40  Drone x3  
  63  4:42  Baneling x2  
  63  4:43  Spine Crawler  
  63  4:45  Queen  
  67  4:50  Queen  
  69  4:55  Overlord x2  
  69  4:59  Drone, Extractor  
  70  5:00  Baneling, Drone x3  
  70  5:02  Extractor, Drone  
  70  5:03  Drone  
  70  5:04  Extractor  
  70  5:05  Drone  
  70  5:06  Drone  
  74  5:09  Overlord  
  74  5:11  Extractor  
  74  5:12  Drone  
  74  5:19  Spire, Drone x3  
  76  5:23  Drone x3  
  76  5:24  Drone  
  80  5:29  Overlord  
  80  5:36  Overseer  
  80  5:40  Glial Reconstitution  
  80  5:41  Roach  
  80  5:42  Roach x3  
  87  5:43  Overlord  
  87  5:44  Overlord x2  
  87  5:55  Queen x3  
  93  5:59  Evolution Chamber  
  93  6:02  Evolution Chamber  
  89  6:14  Drone x3  
  89  6:15  Overlord  
  92  6:22  Drone x3  
  92  6:23  Drone  
  92  6:24  Evolution Chamber  
  92  6:25  Zerg Melee Weapons Level 1, Infestation Pit  
  95  6:29  Zergling x18  
  104  6:35  Spore Crawler  
  104  6:36  Zerg Ground Armor Level 1  
  103  6:42  Zergling x10  
  108  6:49  Spore Crawler  
  108  6:51  Hatchery  
  108  6:54  Spore Crawler x2  
  101  6:59  Zergling x2  
  101  7:00  Zergling x16  
  110  7:02  Hive  
  110  7:05  Infestor  
  110  7:06  Infestor  
  108  7:12  Spore Crawler x2  
  108  7:15  Drone x3  
  107  7:20  Drone x2  
  107  7:21  Spore Crawler x2  
  107  7:22  Drone x2  
  109  7:24  Drone  
  109  7:26  Overlord  
  110  7:32  Zergling x2  
  110  7:33  Zergling x4, Baneling x3  
  110  7:35  Baneling x2  
  113  7:42  Spore Crawler  
  113  7:43  Drone  
  113  7:44  Overlord, Extractor  
  113  7:45  Overlord  
  113  7:49  Extractor  
  111  7:57  Zergling x2  
  111  7:58  Zergling x10  
  112  8:06  Zergling x18  
  112  8:08  Zergling x2  
  112  8:12  Overlord  
  115  8:14  Queen  
  115  8:18  Ultralisk Cavern  
  114  8:20  Zergling x6  
  114  8:21  Zergling x2  
  113  8:28  Extractor  
  113  8:29  Drone x4  
  113  8:31  Spore Crawler x2, Zerg Melee Weapons Level 2  
  114  8:37  Zerg Ground Armor Level 2  
  114  8:41  Drone  
  114  8:42  Drone  
  116  8:58  Overlord x2  
  116  8:59  Spore Crawler  
  116  9:01  Adrenal Glands  
  111  9:15  Chitinous Plating, Ultralisk x2  
  114  9:22  Ultralisk  
  115  9:30  Queen x2  
  111  9:35  Zergling x8  
  111  9:37  Drone x2  
  117  9:38  Drone  
  117  9:40  Drone  
  117  9:41  Drone  
  117  9:42  Drone  
  121  9:51  Ultralisk  
  127  9:56  Overseer  
  127  10:02  Zergling x16  
  135  10:11  Zergling x12  
  135  10:12  Zergling x4  
  143  10:23  Zergling x16  
  151  10:28  Zergling x2  
  151  10:31  Ultralisk  
  151  10:35  Zergling x6  
  159  10:40  Zergling x2  
  162  10:44  Zergling x4  
  162  10:47  Overlord  
  163  10:50  Overlord  
  163  10:52  Overlord  
  160  11:01  Ultralisk  
  160  11:04  Ultralisk  
  167  11:08  Ultralisk  
  177  11:11  Ultralisk  
  177  11:18  Spire  
  168  11:23  Viper x4  
  170  11:32  Spore Crawler x2  
  153  11:36  Spore Crawler  
  153  11:37  Spore Crawler  
  153  11:38  Spore Crawler  
  153  11:39  Spore Crawler  
  142  11:40  Spore Crawler  
  142  11:43  Spore Crawler  
  140  11:47  Viper x2  
  140  11:48  Viper  
  149  12:02  Zergling x12  
  162  12:33  Spore Crawler  
  155  12:38  Zergling x2  
  155  12:39  Zergling x12  
Show
View Real Time Build Order
Export as new Build Order

Vortix Zerg 

Build Orders: 3 Hatch before Pool 

Get SALT Encoding   

  12  0:01  Drone  
  13  0:12  Overlord  
  13  0:17  Drone  
  14  0:30  Drone x2  
  14  0:34  Drone  
  17  0:51  Hatchery  
  17  0:54  Drone  
  18  0:57  Drone  
  18  1:18  Hatchery  
  17  1:19  Drone  
  17  1:22  Drone  
  19  1:33  Extractor  
  19  1:36  Spawning Pool  
  19  1:39  Drone  
  18  1:42  Drone  
  19  1:49  Drone  
  20  2:01  Drone  
  20  2:06  Drone  
  22  2:22  Queen  
  22  2:23  Queen, Zergling x2  
  22  2:24  Zergling x2  
  22  2:29  Queen  
  28  2:33  Metabolic Boost  
  28  2:37  Overlord  
  30  2:40  Drone  
  30  2:42  Drone  
  32  2:45  Drone  
  32  2:47  Drone  
  34  2:55  Baneling Nest, Drone  
  34  2:58  Drone  
  34  3:03  Drone  
  34  3:04  Drone  
  37  3:06  Zergling x2  
  37  3:08  Zergling x2  
  37  3:11  Drone  
  40  3:13  Drone  
  40  3:17  Overlord  
  41  3:20  Drone  
  41  3:25  Overlord  
  42  3:33  Zergling x2  
  42  3:35  Zergling x4  
  42  3:36  Zergling x6  
  42  3:38  Baneling x3  
  42  3:39  Baneling  
  42  3:41  Zergling x2  
  47  3:46  Zergling x2  
  47  3:47  Zergling x2  
  49  3:48  Drone  
  49  3:49  Drone  
  49  3:51  Drone x2  
  53  3:57  Drone x3  
  53  4:02  Drone x2  
  58  4:06  Overlord  
  51  4:18  Zergling x2  
  51  4:19  Zergling x6  
  51  4:20  Overlord  
  51  4:21  Lair  
  51  4:23  Extractor  
  51  4:24  Extractor x2  
  53  4:26  Drone x3  
  55  4:38  Drone  
  55  4:39  Overlord, Drone x5  
  61  4:48  Zergling x2  
  61  4:50  Zergling x2  
  63  5:03  Roach Warren  
  61  5:08  Overlord, Drone x5  
  61  5:09  Drone x2  
  68  5:18  Spire  
  66  5:22  Baneling x3  
  66  5:26  Extractor x2  
  66  5:27  Drone x4  
  66  5:28  Zergling x2, Drone x2  
  70  5:29  Zergling x6  
  74  5:37  Overlord  
  74  5:38  Overseer  
  73  5:43  Drone x3  
  73  5:44  Drone x2  
  73  5:45  Overlord  
  73  5:47  Overlord  
  78  6:23  Overlord  
  78  6:30  Mutalisk, Extractor  
  78  6:31  Mutalisk x8, Hatchery  
  78  6:32  Drone  
  95  6:33  Drone x8  
  95  6:34  Extractor  
  95  6:35  Mutalisk  
  95  6:38  Overlord  
  104  6:44  Overlord  
  104  6:46  Mutalisk x2  
  107  6:57  Mutalisk  
  107  6:58  Mutalisk  
  110  7:03  Zergling x6  
  110  7:04  Zergling x10  
  110  7:07  Drone x3  
  120  7:11  Mutalisk  
  120  7:14  Mutalisk  
  124  7:15  Overlord  
  124  7:16  Mutalisk  
  126  7:24  Mutalisk  
  128  7:32  Overlord x2  
  128  7:33  Overlord, Queen x2  
  128  7:36  Overlord x2  
  132  7:47  Drone x2, Infestation Pit  
  132  7:48  Evolution Chamber, Drone x4  
  132  7:49  Evolution Chamber  
  132  7:51  Overlord  
  135  7:56  Zergling x8  
  127  8:07  Zergling x8  
  120  8:13  Zergling x4  
  120  8:14  Zergling x6  
  120  8:20  Zergling x10  
  120  8:23  Zerg Melee Weapons Level 1, Zerg Ground Armor Level 1  
  120  8:24  Hive  
  123  8:28  Zergling x2  
  123  8:29  Zergling x8  
  128  8:37  Drone  
  128  8:38  Drone x3  
  132  8:42  Overlord  
  132  8:45  Drone x2  
  131  8:57  Zergling x2  
  131  8:58  Zergling x16  
  131  9:00  Zergling x2  
  134  9:05  Zergling x4  
  132  9:12  Zergling x2  
  132  9:13  Zergling x8  
  129  9:23  Drone  
  128  9:24  Drone x6  
  128  9:36  Greater Spire  
  128  9:37  Drone x7  
  128  9:38  Drone  
  136  9:42  Corruptor  
  136  9:43  Corruptor x2  
  142  9:48  Corruptor x2  
  142  9:51  Corruptor  
  142  9:52  Corruptor x3  
  154  9:55  Overseer  
  154  10:03  Extractor  
  142  10:14  Zergling x2  
  142  10:15  Zergling x20  
  152  10:36  Zergling x2  
  152  10:37  Zergling x8  
  152  10:39  Zergling x8  
  144  10:47  Brood Lord x4  
  144  10:48  Brood Lord x5  
  148  10:51  Zergling x12  
  148  11:01  Corruptor x5  
  145  11:09  Corruptor x3  
  132  11:17  Zergling x2  
  132  11:18  Zergling x10  
  137  11:21  Zergling x2  
  137  11:22  Zergling x2  
  133  11:38  Zergling x2  
  133  11:39  Zergling x2  
  135  11:43  Baneling x4  
  135  11:44  Zergling x4  
  137  11:47  Hatchery  
  137  11:52  Zergling x8  
  140  11:58  Zergling x2  
  137  12:09  Zergling x8  
  135  12:23  Zergling x2  
  135  12:24  Zergling x2  

Tags
 
Add a new tag
Caveats
  • Supply blocks, unpowered buildings, or Contaminate may cause inaccurate times.
  • Supply counts are checked every 10 seconds.